 Dungeon Crawl Stone Soup version 0.17.1-1-g73c8601 (webtiles) character file.

10314 JEM123 the Martial Artist (level 11, -6/86 HPs)
             Began as a Merfolk Monk on Mar 22, 2016.
             Was an Elder of Makhleb.
             Killed from afar by a gargoyle (25 damage)
             ... with a stone arrow
             ... in a volcano.
             The game lasted 00:56:43 (14148 turns).

JEM123 the Martial Artist (Merfolk Monk)           Turns: 14148, Time: 00:56:43

Health: -6/86      AC: 19    Str: 15    XL:     11   Next: 60%
Magic:  27/27      EV:  8    Int:  9    God:    Makhleb [****..]
Gold:   302        SH: 11    Dex: 17    Spells: 0 memorised, 10 levels left

rFire  + + +     SeeInvis .       - Unarmed
rCold  + . .     Clarity  .     s - +1 chain mail {rF+}
rNeg   . . .     SustAt   .     N - +2 shield
rPois  .         Gourm    .     p - +2 helmet
rElec  .         Spirit   .     m - +1 cloak
rCorr  .         Warding  .     q - +2 pair of gloves "Joxtam" {rF+ rC+}
rMut   .         Stasis   .     (no boots)
MR     .....                    (no amulet)
Stlth  ..........               i - ring of magical power
                                w - ring of protection from fire

@: not resistant to hostile enchantments, extremely unstealthy
A: change form in water, swift swim
a: Minor Destruction, Lesser Servant of Makhleb, Major Destruction, Renounce
Religion


You were in a volcano.
You worshipped Makhleb.
Makhleb was greatly pleased with you.
You were not hungry.

You visited 3 branches of the dungeon, and saw 12 of its levels.
You also visited: Volcano.

You collected 575 gold pieces.
You spent 273 gold pieces at shops.

Inventory:

Hand Weapons
 c - a +0 blowgun
Missiles
 a - 9 poisoned arrows
 d - 4 throwing nets
 e - 5 javelins (quivered)
 f - 403 stones
 g - 28 poisoned needles
 k - 194 arrows
 v - 6 steel tomahawks
 D - 38 arrows of frost
 G - 21 tomahawks
Armour
 m - a +1 cloak (worn)
 p - a +2 helmet (worn)
 q - the +2 pair of gloves "Joxtam" (worn) {rF+ rC+}
   (You found it on level 5 of the Dungeon)

   It protects you from fire.
   It protects you from cold.
 s - a +1 chain mail of fire resistance (worn)
 N - a +2 shield (worn)
Jewellery
 i - a ring of magical power (right hand)
 u - an uncursed ring of teleportation
 w - a ring of protection from fire (left hand)
Wands
 b - a wand of disintegration (9)
 y - a wand of lightning (6)
 C - a wand of flame (35)
 E - a wand of teleportation (5)
 I - a wand of slowing (19)
Scrolls
 h - 5 scrolls of identify
 j - 9 scrolls of remove curse
 l - a scroll of magic mapping
 o - 2 scrolls of fear
 r - 6 scrolls of teleportation
 B - a scroll of amnesia
 L - a scroll of blinking {unknown}
 M - a scroll of brand weapon {unknown}
Potions
 n - 4 potions of curing
 x - 2 potions of agility
 J - a potion of cure mutation
Comestibles
 t - 25 fruits
 z - 3 meat rations
 H - 2 bread rations


   Skills:
 - Level 8.0 Fighting
 - Level 5.0 Armour
 * Level 7.2 Dodging
 - Level 2.1 Stealth
 - Level 4.0 Shields
 + Level 11.8 Unarmed Combat
 - Level 10.0 Invocations
 + Level 2.0 Evocations


You had 10 spell levels left.
You didn't know any spells.

Dungeon Overview and Level Annotations

Branches:
Dungeon (10/15)            Temple (1/1) D:5            Lair (1/8) D:10
    Orc: D:9-12

Altars:
Ashenzari
Cheibriados
Dithmenos
Elyvilon
Fedhas
Kikubaaqudgha
Makhleb
Nemelex Xobeh
Okawaru
Qazlal
Ru
Sif Muna
Trog
Vehumet
Xom
Yredelemnul
Zin
The Shining One

Shops:
D:4 }%(*(   D:6 !   D:9 *

Annotations:
D:4 ecbois's ghost, amateur FoFi


Message History

* * * LOW HITPOINT WARNING * * *
Drink which item? (? for menu, Esc to quit)
Okay, then.
Unknown command.
You don't know any spells.
Unknown command.
Okay, then.
Unknown command.
A demon appears!
You feel slightly more hungry.
The gargoyle hurls a stone arrow at you.
You block the stone arrow.
Press: ? - help, v - describe, . - travel
Here: a hellwing (corpse armoured, friendly, summoned)
The floor.
Okay, then.
Drink which item? (? for menu, Esc to quit)
You feel better.
The gargoyle hurls a stone arrow at you.
The stone arrow hits you!
You die...

##### #...#
#######8_8#######
#...'...)49@')..#
#...###...###...##
#.!$:
###÷###.....#
#.$)$
#.....#.....#
##[$!
#..∩..##[.)## #...
#.....##....# ####
##...########
##+## #.#


You could see a gargoyle and a friendly hellwing.

Vanquished Creatures
  Harold (D:10)
  An unseen horror (D:10)
  A komodo dragon (Lair:1)
  A molten gargoyle (Volcano)
  A red devil (Volcano)
  A two-headed ogre (D:10)
  Prince Ribbit (D:8)
  3 hippogriffs
  A basilisk (Lair:1)
  2 hungry ghosts
  3 hell hounds (Volcano)
  Duvessa (D:5)
  5 ice beasts
  A water moccasin (D:9)
  3 sky beasts
  2 black bears
  6 ogres
  3 orc warriors
  4 phantoms
  A necrophage (D:10)
  6 centaurs
  A crocodile (Lair:1)
  A big kobold (D:9)
  Dowan (D:5)
  4 giant frogs
  2 scorpions
  5 wights (D:9)
  21 killer bees
  A jelly (D:8)
  4 crimson imps
  2 centaur zombies (D:7)
  A giant frog zombie (D:8)
  5 orc wizards
  2 centaur skeletons
  2 iguanas
  2 giant frog skeletons (D:6)
  An orc priest (D:7)
  12 hounds
  8 worker ants
  A hound skeleton (D:10)
  A worker ant zombie (D:8)
  7 gnolls
  14 adders
  3 shadow imps
  5 adder skeletons
  3 worms
  5 giant geckos
  19 orcs
  6 bats
  6 giant cockroaches
  3 goblins
  6 hobgoblins
  16 kobolds
  2 ball pythons (D:2)
  8 giant newts
  23 jackals
  5 quokkas
  11 rats
267 creatures vanquished.

Vanquished Creatures (collateral kills)
  Erolcha (D:10)
  A smoke demon (Volcano)
2 creatures vanquished.

Grand Total: 269 creatures vanquished

Notes
Turn   | Place    | Note
--------------------------------------------------------------
     0 | D:1      | JEM123 the Merfolk Monk began the quest for the Orb.
     0 | D:1      | Reached XP level 1. HP: 18/18 MP: 1/1
   293 | D:1      | Reached XP level 2. HP: 24/24 MP: 2/2
   331 | D:1      | You fall through a shaft!
   357 | D:2      | Reached skill level 5 in Unarmed Combat
   503 | D:2      | Found a white marble altar of Elyvilon.
   511 | D:2      | Reached XP level 3. HP: 12/29 MP: 3/3
   821 | D:2      | Found a shattered altar of Ashenzari.
  1281 | D:2      | Reached skill level 6 in Unarmed Combat
  1281 | D:2      | Reached XP level 4. HP: 33/35 MP: 4/4
  1790 | D:3      | Reached XP level 5. HP: 29/42 MP: 5/5
  1936 | D:3      | Found a sacrificial altar of Ru.
  3015 | D:4      | Noticed ecbois's ghost (amateur FoFi)
  3058 | D:4      | Reached XP level 6. HP: 50/50 MP: 6/6
  3265 | D:4      | Reached skill level 5 in Fighting
  3279 | D:4      | Reached skill level 7 in Unarmed Combat
  3453 | D:4      | Found Vuiza's Food Boutique.
  3460 | D:4      | Found Jaryer's General Store.
  3468 | D:4      | Bought a scroll of remove curse for 39 gold pieces
  3480 | D:4      | Bought a scroll of teleportation for 39 gold pieces
  3491 | D:4      | Noticed a phantom
  3522 | D:4      | Killed a phantom
  3587 | D:4      | Found Ketuclamm's Gadget Shop.
  3644 | D:4      | Reached XP level 7. HP: 32/57 MP: 7/7
  3863 | D:4      | Bought a scroll of identify for 26 gold pieces
  3919 | D:4      | HP: 4/87 [poisoned by a worker ant]
  3926 | D:4      | HP: 3/87 [poisoned by a worker ant]
  3933 | D:4      | HP: 3/87 [poisoned by a worker ant]
  3941 | D:4      | HP: 3/87 [poisoned by a worker ant]
  4246 | D:4      | Found Zunlix's Weapon Boutique.
  4314 | D:4      | Found Reaveckenk's Antique Weapon Emporium.
  4890 | D:5      | Entered Level 5 of the Dungeon
  4969 | D:5      | Reached skill level 8 in Unarmed Combat
  4978 | D:5      | HP: 2/59 [phantom (4)]
  5278 | D:5      | Found a staircase to the Ecumenical Temple.
  5288 | Temple   | Entered the Ecumenical Temple
  5649 | Temple   | Became a worshipper of Makhleb the Destroyer
  5649 | Temple   | Reached * piety under Makhleb
  5649 | Temple   | Reached ** piety under Makhleb
  5670 | D:5      | Noticed a hungry ghost
  5680 | D:5      | Found a snail-covered altar of Cheibriados.
  5699 | D:5      | Got a pair of twisted gloves
  5705 | D:5      | Identified the +2 pair of gloves "Joxtam" {rF+ rC+} (You found it on level 5 of the Dungeon)
  5754 | D:5      | Killed a hungry ghost
  5754 | D:5      | Reached XP level 8. HP: 64/67 MP: 8/8
  5897 | D:5      | Noticed Dowan
  5898 | D:5      | Noticed Duvessa
  5918 | D:5      | Killed Duvessa
  5918 | D:5      | Reached skill level 9 in Unarmed Combat
  5928 | D:5      | Killed Dowan
  6036 | D:5      | Found an ancient bone altar of Kikubaaqudgha.
  6345 | D:5      | Reached skill level 1 in Shields
  6345 | D:5      | Reached skill level 1 in Invocations
  6475 | D:5      | Found a bloodstained altar of Trog.
  6930 | D:6      | Reached XP level 9. HP: 74/74 MP: 9/11
  7121 | D:6      | Found Xounuoz's Distillery.
  7125 | D:6      | Bought a potion of heal wounds for 70 gold pieces
  7618 | D:7      | Reached *** piety under Makhleb
  7875 | D:7      | Reached skill level 10 in Unarmed Combat
  7942 | D:7      | Reached skill level 1 in Armour
  7942 | D:7      | Reached skill level 5 in Invocations
  9396 | D:8      | Reached XP level 10. HP: 63/80 MP: 14/14
  9701 | D:8      | Reached **** piety under Makhleb
 10057 | D:8      | Noticed Prince Ribbit
 10073 | D:8      | Killed Prince Ribbit
 11323 | D:9      | Found Vituig's Assorted Antiques.
 11337 | D:9      | Reached skill level 11 in Unarmed Combat
 11399 | D:9      | Bought a scroll of teleportation for 99 gold pieces
 11546 | D:10     | Entered Level 10 of the Dungeon
 11550 | D:10     | Noticed Erolcha
 11551 | D:10     | Found a staircase to the Lair.
 11773 | D:9      | Reached skill level 5 in Armour
 11858 | D:9      | Reached ***** piety under Makhleb
 12164 | D:10     | Paralysed by Erolcha for 4 turns
 12317 | D:9      | Reached XP level 11. HP: 70/86 MP: 17/17
 12563 | D:10     | Killed an unseen horror
 12563 | D:10     | Reached skill level 5 in Dodging
 12609 | D:10     | Killed Erolcha
 12933 | D:10     | Noticed Harold
 12964 | D:10     | Killed Harold
 12964 | D:10     | Reached skill level 10 in Invocations
 13284 | D:10     | Found a blossoming altar of Fedhas.
 13409 | Lair:1   | Entered Level 1 of the Lair of Beasts
 13491 | Lair:1   | Reached skill level 1 in Evocations
 13577 | Lair:1   | Found a dark tunnel.
 13584 | Volcano  | Entered a volcano
 13908 | Volcano  | Found a bloodstained altar of Trog.
 14148 | Volcano  | Killed from afar by a gargoyle

Action                   |  1- 3 |  4- 6 |  7- 9 | 10-12 || total
-------------------------+-------+-------+-------+-------++-------
Melee: Unarmed           |   116 |   289 |   465 |   602 ||  1472
 Fire: Hunting sling     |       |       |    14 |       ||    14
       Blowgun           |       |       |       |     4 ||     4
Throw: Stone             |    16 |    13 |    11 |    16 ||    56
       Tomahawk          |       |       |       |     8 ||     8
       Javelin           |       |       |       |     5 ||     5
       Throwing net      |       |       |       |     2 ||     2
Invok: Lesser Servant of |       |       |     1 |     5 ||     6
       Minor Destruction |       |       |       |     1 ||     1
Evoke: Wand              |       |       |       |     4 ||     4
  Use: Scroll            |       |     1 |     7 |    17 ||    25
       Potion            |       |       |     3 |     3 ||     6
 Stab: Sleeping          |     5 |     5 |     9 |       ||    19
       Distracted        |       |     2 |     1 |     1 ||     4
       Paralysed         |       |     1 |       |       ||     1
  Eat: Chunk             |     1 |     8 |    11 |     9 ||    29
       Bread ration      |       |       |     2 |     1 ||     3
       Meat ration       |       |       |       |     3 ||     3
       Beef jerky        |       |       |       |     2 ||     2
